[ AOE2 MATCH · #478288514 ]
UnrankedBurmese vs Bulgarians
[ REPLAY ANALYSIS · EXTRACTED FROM THE RECORDED GAME ]
Feudal
13:19
Castle
18:45
Imperial
41:48
| APM avg | 30.4 |
| APM peak | 64 |
| eAPM avg | 18.3 |
| Villagers / military | 146 / 73 |
Focus
⚔️ 37.1% · 🌾 62.9%
Archer ×41 · Arambai ×27 · Mangonel ×3 · Spearman ×1 · Trebuchet (Packed) ×1
Feudal
11:27
Castle
22:53
Imperial
43:21
| APM avg | 40.3 |
| APM peak | 94 |
| eAPM avg | 17.9 |
| Villagers / military | 153 / 113 |
Focus
⚔️ 36.8% · 🌾 63.2%
Knight ×50 · Skirmisher ×33 · Konnik ×25 · Scout Cavalry ×4 · Spearman ×1
Feudal
11:37
Castle
22:50
Imperial
46:10
| APM avg | 47.7 |
| APM peak | 80 |
| eAPM avg | 20.4 |
| Villagers / military | 159 / 163 |
Focus
⚔️ 32.4% · 🌾 67.6%
Camel Scout ×139 · Shrivamsha Rider ×10 · Scout Cavalry ×8 · Mangonel ×3 · Armored Elephant ×3
Feudal
14:54
Castle
21:08
Imperial
—
| APM avg | 31.4 |
| APM peak | 58 |
| eAPM avg | 20.1 |
| Villagers / military | 106 / 40 |
Focus
⚔️ 27.0% · 🌾 73.0%
Knight ×35 · Mangonel ×4 · Scout Cavalry ×1
Feudal
14:18
Castle
18:04
Imperial
43:53
| APM avg | 35.7 |
| APM peak | 59 |
| eAPM avg | 15.3 |
| Villagers / military | 120 / 197 |
Focus
⚔️ 43.7% · 🌾 56.3%
Archer ×187 · Trebuchet (Packed) ×7 · Spearman ×2 · Skirmisher ×1
Feudal
12:59
Castle
17:39
Imperial
40:59
| APM avg | 50.8 |
| APM peak | 96 |
| eAPM avg | 16.4 |
| Villagers / military | 144 / 93 |
Focus
⚔️ 27.8% · 🌾 72.2%
Cavalry Archer ×89 · Trebuchet (Packed) ×3 · Spearman ×1
Feudal
—
Castle
—
Imperial
—
| APM avg | 51.3 |
| APM peak | 109 |
| eAPM avg | 16.1 |
| Villagers / military | 132 / 61 |
Focus
⚔️ 22.6% · 🌾 77.4%
Knight ×42 · Leitis ×11 · Scout Cavalry ×7 · Monk ×1
Feudal
12:49
Castle
24:40
Imperial
—
| APM avg | 32.4 |
| APM peak | 60 |
| eAPM avg | 21.3 |
| Villagers / military | 127 / 48 |
Focus
⚔️ 31.7% · 🌾 68.3%
Archer ×39 · Spearman ×6 · Mangonel ×3 · Unknown (1962) ×1
Match map
Initial resources + every placement click. Lines = walls · curves = elevation contours. ◆ gold · ⬟ stone · ● berries · ✦ relic · ◌ wall gap
Your base· Open — 11t gap
Nili Tapia's base· Open — unwalled flank
XbugX's base· Open — unwalled flank
Cono | AdriJ's base· Open — unwalled flank
Tifur's base· Open — unwalled flank
Cono | Watters's base· Open — unwalled flank
AML4554's base· Open — 8t gap
Cono | Joe Strummer's base· ✓ Closed at 24:40 · 60t walls · 1 gate(s)
Smoothed initial terrain · ◌ = detected wall gap · hover for details
Inputs per minute
— OS | _MidGard_ - - Nili Tapia
Build order — OS | _MidGard_
First 150 of 384 actions detected
| 0:34 | Build | House |
| 0:44 | Build | Town Center |
| 1:31 | Build | Lumber Camp |
| 2:49 | Create | Villager (Male) |
| 2:49 | Create | Villager (Male) |
| 2:50 | Create | Villager (Male) |
| 2:50 | Create | Villager (Male) |
| 3:05 | Build | Palisade Wall |
| 4:22 | Create | Villager (Male) |
| 4:22 | Create | Villager (Male) |
| 4:29 | Build | House |
| 4:37 | Create | Villager (Male) |
| 5:14 | Create | Villager (Male) |
| 5:24 | Build | House |
| 5:44 | Research | Loom |
| 6:05 | Create | Villager (Male) |
| 6:29 | Create | Villager (Male) |
| 6:29 | Create | Villager (Male) |
| 6:43 | Build | House |
| 6:52 | Create | Villager (Male) |
| 6:52 | Create | Villager (Male) |
| 7:09 | Build | House |
| 7:13 | Build | House |
| 7:43 | Create | Villager (Male) |
| 7:44 | Create | Villager (Male) |
| 8:16 | Create | Villager (Male) |
| 8:16 | Create | Villager (Male) |
| 8:17 | Create | Villager (Male) |
| 8:17 | Create | Villager (Male) |
| 8:46 | Create | Villager (Male) |
| 8:47 | Create | Villager (Male) |
| 8:47 | Create | Villager (Male) |
| 9:14 | Build | House |
| 9:16 | Create | Villager (Male) |
| 9:16 | Create | Villager (Male) |
| 9:20 | Build | Mill |
| 9:32 | Create | Villager (Male) |
| 9:33 | Create | Villager (Male) |
| 9:54 | Create | Villager (Male) |
| 10:06 | Create | Villager (Male) |
| 10:06 | Create | Villager (Male) |
| 10:20 | Create | Villager (Male) |
| 10:21 | Create | Villager (Male) |
| 10:49 | Create | Villager (Male) |
| 11:00 | Research | Feudal Age |
| 11:13 | Create | Villager (Male) |
| 11:45 | Build | Lumber Camp |
| 12:22 | Create | Villager (Male) |
| 12:50 | Create | Villager (Male) |
| 13:19 | Age | Feudal Age |
| 13:22 | Build | Blacksmith |
| 13:42 | Create | Villager (Male) |
| 14:05 | Build | Market |
| 14:15 | Create | Villager (Male) |
| 14:33 | Build | Mining Camp |
| 15:23 | Research | Gold Mining |
| 15:24 | Create | Villager (Male) |
| 15:50 | Build | Barracks |
| 16:05 | Research | Castle Age |
| 16:05 | Create | Villager (Male) |
| 16:21 | Build | Mill |
| 16:37 | Build | House |
| 17:02 | Build | Lumber Camp |
| 17:34 | Build | Archery Range |
| 17:37 | Research | Fletching |
| 17:37 | Research | Padded Archer Armor |
| 18:03 | Build | Palisade Wall |
| 18:05 | Build | Palisade Wall |
| 18:09 | Build | Palisade Wall |
| 18:15 | Build | Palisade Gate |
| 18:17 | Build | Palisade Wall |
| 18:22 | Build | Palisade Wall |
| 18:26 | Build | Palisade Wall |
| 18:31 | Build | Palisade Wall |
| 18:36 | Build | Archery Range |
| 18:38 | Create | Archer |
| 18:45 | Age | Castle Age |
| 18:48 | Create | Villager (Male) |
| 19:05 | Create | Archer |
| 19:15 | Create | Archer |
| 19:34 | Build | Palisade Wall |
| 19:42 | Create | Villager (Male) |
| 19:50 | Create | Archer |
| 19:50 | Create | Archer |
| 19:53 | Create | Archer |
| 19:54 | Create | Spearman |
| 19:58 | Build | House |
| 20:21 | Build | Town Center |
| 20:23 | Create | Villager (Male) |
| 20:24 | Create | Archer |
| 20:24 | Create | Archer |
| 20:43 | Create | Villager (Male) |
| 21:06 | Create | Archer |
| 21:08 | Build | House |
| 21:08 | Build | House |
| 21:28 | Create | Villager (Male) |
| 21:50 | Research | Crossbowman (upgrade) |
| 21:52 | Create | Archer |
| 22:05 | Create | Villager (Male) |
| 22:16 | Build | University |
| 22:23 | Create | Archer |
| 22:23 | Create | Archer |
| 22:28 | Build | Farm |
| 22:28 | Build | Farm |
| 22:29 | Build | Farm |
| 22:29 | Build | Farm |
| 22:33 | Build | Farm |
| 22:34 | Build | Farm |
| 22:37 | Build | Farm |
| 22:48 | Create | Archer |
| 22:48 | Create | Archer |
| 22:55 | Create | Villager (Male) |
| 23:04 | Create | Villager (Male) |
| 23:06 | Build | Farm |
| 23:18 | Create | Archer |
| 23:18 | Create | Archer |
| 23:19 | Create | Archer |
| 23:25 | Create | Villager (Male) |
| 23:42 | Create | Archer |
| 23:42 | Create | Archer |
| 24:26 | Create | Villager (Male) |
| 24:28 | Build | House |
| 24:29 | Build | House |
| 24:31 | Build | Farm |
| 24:32 | Build | Farm |
| 24:34 | Create | Villager (Male) |
| 24:35 | Create | Villager (Male) |
| 24:45 | Build | Siege Workshop |
| 24:49 | Build | Farm |
| 25:00 | Research | Ballistics |
| 25:01 | Research | Bodkin Arrow |
| 25:08 | Create | Villager (Male) |
| 25:29 | Create | Villager (Male) |
| 25:47 | Build | Market |
| 26:15 | Build | Lumber Camp |
| 26:37 | Create | Villager (Male) |
| 26:37 | Create | Villager (Male) |
| 26:40 | Build | Farm |
| 26:41 | Create | Villager (Male) |
| 27:18 | Build | Town Center |
| 27:19 | Create | Villager (Male) |
| 27:20 | Create | Villager (Male) |
| 27:30 | Create | Villager (Male) |
| 27:34 | Create | Villager (Male) |
| 27:51 | Create | Archer |
| 27:51 | Create | Archer |
| 27:51 | Create | Archer |
| 27:52 | Create | Archer |
| 27:56 | Create | Mangonel |
| 27:56 | Create | Mangonel |
Build order — Nili Tapia
First 150 of 360 actions detected
| 0:12 | Build | House |
| 0:27 | Build | Town Center |
| 2:35 | Create | Villager (Male) ×4 |
| 2:35 | Create | Villager (Male) ×4 |
| 2:35 | Create | Villager (Male) ×4 |
| 3:57 | Build | House |
| 4:12 | Create | Villager (Male) |
| 4:13 | Create | Villager (Male) |
| 4:13 | Create | Villager (Male) |
| 4:17 | Build | Lumber Camp |
| 4:44 | Create | Villager (Male) |
| 4:45 | Create | Villager (Male) |
| 5:33 | Create | Villager (Male) |
| 5:33 | Create | Villager (Male) |
| 5:34 | Create | Villager (Male) |
| 5:34 | Create | Villager (Male) |
| 6:06 | Build | House |
| 6:14 | Create | Villager (Male) |
| 6:14 | Create | Villager (Male) |
| 6:15 | Create | Villager (Male) |
| 6:29 | Create | Villager (Male) |
| 6:29 | Create | Villager (Male) |
| 7:36 | Create | Villager (Male) |
| 8:02 | Create | Villager (Male) |
| 8:19 | Build | Mill |
| 8:27 | Research | Loom |
| 9:17 | Research | Feudal Age |
| 9:17 | Research | Feudal Age |
| 9:17 | Research | Feudal Age |
| 10:02 | Build | Barracks |
| 11:03 | Create | Villager (Male) |
| 11:27 | Age | Feudal Age |
| 11:31 | Build | Stable |
| 11:46 | Build | House |
| 11:49 | Create | Villager (Male) |
| 12:05 | Build | Blacksmith |
| 12:12 | Create | Scout Cavalry |
| 12:12 | Create | Scout Cavalry |
| 12:13 | Create | Scout Cavalry |
| 12:14 | Create | Villager (Male) |
| 12:15 | Create | Villager (Male) |
| 12:41 | Research | Forging |
| 12:53 | Create | Villager (Male) |
| 13:26 | Create | Scout Cavalry |
| 13:41 | Create | Villager (Male) |
| 13:46 | Build | House |
| 13:50 | Build | House |
| 13:52 | Research | Double-Bit Axe |
| 14:16 | Create | Villager (Male) |
| 14:43 | Build | Palisade Wall |
| 15:00 | Create | Villager (Male) |
| 15:00 | Create | Villager (Male) |
| 15:17 | Build | Mining Camp |
| 15:21 | Build | Palisade Wall |
| 15:24 | Build | Palisade Wall |
| 15:35 | Build | Palisade Wall |
| 15:40 | Build | Palisade Wall |
| 15:52 | Create | Villager (Male) |
| 15:52 | Create | Villager (Male) |
| 16:10 | Create | Villager (Male) |
| 16:35 | Create | Villager (Male) |
| 16:55 | Build | Mill |
| 17:22 | Build | House |
| 17:24 | Create | Spearman |
| 17:35 | Create | Villager (Male) |
| 18:43 | Create | Villager (Male) |
| 18:47 | Build | House |
| 18:49 | Build | House |
| 19:00 | Research | Scale Barding Armor |
| 19:02 | Build | Market |
| 19:30 | Build | Palisade Wall |
| 19:30 | Build | Palisade Wall |
| 19:32 | Build | Palisade Wall |
| 19:33 | Build | Palisade Wall |
| 19:48 | Build | Mining Camp |
| 20:13 | Research | Castle Age |
| 20:13 | Research | Castle Age |
| 20:13 | Research | Castle Age |
| 20:19 | Build | House |
| 20:24 | Build | Palisade Wall |
| 20:40 | Build | House |
| 22:53 | Age | Castle Age |
| 22:54 | Build | Town Center |
| 23:03 | Create | Villager (Male) |
| 23:10 | Build | Palisade Wall |
| 23:15 | Build | Town Center |
| 23:20 | Build | Town Center |
| 23:42 | Create | Villager (Male) |
| 23:42 | Create | Villager (Male) |
| 23:43 | Create | Villager (Male) |
| 23:48 | Research | Horse Collar |
| 24:03 | Build | Castle |
| 24:16 | Build | Farm |
| 24:16 | Build | Farm |
| 24:17 | Build | Farm |
| 24:17 | Build | Farm |
| 24:17 | Build | Farm |
| 24:18 | Build | Farm |
| 24:18 | Build | Farm |
| 24:18 | Build | Farm |
| 24:18 | Build | Farm |
| 24:19 | Build | Farm |
| 24:48 | Build | Farm |
| 24:49 | Build | Farm |
| 24:49 | Build | Farm |
| 24:49 | Build | Farm |
| 24:58 | Create | Villager (Male) ×2 |
| 24:58 | Create | Villager (Male) ×2 |
| 25:18 | Build | Farm |
| 25:26 | Create | Villager (Male) |
| 25:26 | Create | Villager (Male) |
| 25:29 | Create | Villager (Male) |
| 25:31 | Build | Farm |
| 25:56 | Create | Villager (Male) |
| 25:56 | Create | Villager (Male) |
| 26:02 | Build | Farm |
| 26:14 | Build | Farm |
| 26:29 | Create | Villager (Male) ×4 |
| 26:29 | Create | Villager (Male) ×4 |
| 26:29 | Create | Villager (Male) ×4 |
| 26:36 | Create | Villager (Male) |
| 26:37 | Create | Villager (Male) |
| 27:00 | Build | Farm |
| 27:03 | Build | Farm |
| 27:19 | Create | Villager (Male) |
| 27:20 | Build | Farm |
| 27:27 | Research | Town Watch |
| 27:28 | Create | Villager (Male) ×3 |
| 27:44 | Build | Farm |
| 27:53 | Build | House |
| 27:56 | Build | House |
| 28:02 | Build | House |
| 28:16 | Create | Villager (Male) ×5 |
| 28:16 | Create | Villager (Male) ×5 |
| 28:17 | Create | Villager (Male) |
| 28:20 | Build | Farm |
| 28:32 | Create | Villager (Male) |
| 28:38 | Build | House |
| 28:43 | Create | Villager (Male) |
| 28:55 | Build | Farm |
| 28:59 | Build | Farm |
| 29:07 | Research | Wheelbarrow |
| 29:10 | Create | Villager (Male) |
| 29:29 | Research | Bow Saw |
| 29:30 | Research | Bow Saw |
| 29:33 | Create | Villager (Male) ×3 |
| 29:34 | Create | Villager (Male) ×3 |
| 29:54 | Create | Villager (Male) |
| 30:17 | Build | Town Center |
| 30:33 | Create | Villager (Male) |
Build order — XbugX
First 150 of 309 actions detected
| 0:08 | Build | Town Center |
| 0:18 | Build | House |
| 2:27 | Create | Villager (Male) |
| 2:28 | Create | Villager (Male) |
| 2:28 | Create | Villager (Male) |
| 2:28 | Create | Villager (Male) |
| 2:28 | Create | Villager (Male) |
| 3:47 | Create | Villager (Male) |
| 3:47 | Create | Villager (Male) |
| 3:56 | Build | House |
| 4:42 | Create | Villager (Male) |
| 4:43 | Create | Villager (Male) |
| 5:23 | Create | Villager (Male) |
| 5:23 | Create | Villager (Male) |
| 5:30 | Build | Lumber Camp |
| 5:49 | Create | Villager (Male) |
| 6:03 | Create | Villager (Male) |
| 6:03 | Create | Villager (Male) |
| 6:24 | Create | Villager (Male) |
| 6:24 | Create | Villager (Male) |
| 6:45 | Build | House |
| 6:52 | Create | Villager (Male) |
| 7:25 | Build | Mill |
| 7:26 | Create | Villager (Male) |
| 7:26 | Create | Villager (Male) |
| 7:26 | Create | Villager (Male) |
| 7:59 | Build | House |
| 8:07 | Create | Villager (Male) |
| 8:11 | Research | Loom |
| 8:33 | Build | House |
| 9:20 | Create | Villager (Male) |
| 9:27 | Research | Feudal Age |
| 10:25 | Build | Barracks |
| 11:04 | Build | Palisade Wall |
| 11:07 | Build | Palisade Gate |
| 11:08 | Build | Palisade Wall |
| 11:28 | Create | Villager (Male) |
| 11:28 | Create | Villager (Male) |
| 11:37 | Age | Feudal Age |
| 12:45 | Build | Stable |
| 12:50 | Create | Villager (Male) |
| 12:50 | Create | Villager (Male) |
| 12:57 | Create | Villager (Male) |
| 13:06 | Research | Double-Bit Axe |
| 13:06 | Research | Double-Bit Axe |
| 13:14 | Create | Scout Cavalry |
| 13:14 | Create | Scout Cavalry |
| 13:14 | Create | Scout Cavalry |
| 13:57 | Build | Blacksmith |
| 14:01 | Create | Villager (Male) |
| 14:02 | Create | Villager (Male) |
| 14:25 | Create | Scout Cavalry |
| 14:34 | Build | House |
| 14:39 | Build | House |
| 14:44 | Research | Scale Barding Armor |
| 14:54 | Create | Scout Cavalry |
| 15:00 | Create | Villager (Male) |
| 15:01 | Create | Villager (Male) |
| 15:01 | Create | Villager (Male) |
| 15:10 | Build | House |
| 15:44 | Create | Villager (Male) |
| 15:45 | Create | Villager (Male) |
| 16:00 | Create | Villager (Male) |
| 16:01 | Create | Villager (Male) |
| 16:04 | Build | Farm |
| 16:05 | Build | Farm |
| 16:06 | Build | Farm |
| 16:07 | Build | Farm |
| 16:20 | Create | Scout Cavalry |
| 16:27 | Build | Farm |
| 16:46 | Build | Farm |
| 16:57 | Create | Villager (Male) |
| 17:12 | Build | Farm |
| 17:13 | Build | Farm |
| 17:29 | Research | Wheelbarrow |
| 17:44 | Build | Farm |
| 18:28 | Create | Villager (Male) |
| 18:28 | Create | Villager (Male) |
| 18:46 | Build | Market |
| 19:38 | Research | Town Watch |
| 20:10 | Research | Castle Age |
| 20:10 | Research | Castle Age |
| 20:33 | Build | Farm |
| 20:33 | Build | Farm |
| 20:34 | Build | Farm |
| 20:43 | Research | Horse Collar |
| 21:19 | Build | Stable |
| 21:28 | Research | Bloodlines |
| 22:22 | Research | Forging |
| 22:50 | Age | Castle Age |
| 22:53 | Build | Farm |
| 23:01 | Build | Town Center |
| 23:12 | Build | Town Center |
| 23:18 | Research | Light Cavalry (upgrade) |
| 23:24 | Create | Villager (Male) |
| 23:33 | Create | Scout Cavalry |
| 23:36 | Build | Farm |
| 24:00 | Create | Villager (Male) ×3 |
| 24:03 | Build | Farm |
| 24:11 | Create | Villager (Male) |
| 24:29 | Create | Villager (Male) |
| 24:29 | Create | Villager (Male) |
| 24:29 | Create | Villager (Male) |
| 24:44 | Create | Villager (Male) |
| 25:30 | Create | Villager (Male) ×5 |
| 25:31 | Create | Villager (Male) ×3 |
| 25:33 | Create | Villager (Male) |
| 25:33 | Create | Villager (Male) |
| 25:37 | Build | Farm |
| 25:42 | Create | Villager (Male) |
| 25:56 | Create | Scout Cavalry |
| 26:03 | Create | Camel Scout ×3 |
| 26:03 | Create | Camel Scout ×3 |
| 26:18 | Build | Farm |
| 26:20 | Build | Farm |
| 26:27 | Build | House |
| 26:34 | Research | Husbandry |
| 26:53 | Build | House |
| 26:54 | Build | House |
| 26:55 | Build | House |
| 26:59 | Create | Villager (Male) ×5 |
| 27:32 | Create | Camel Scout ×5 |
| 27:33 | Create | Camel Scout ×5 |
| 27:57 | Create | Villager (Male) ×3 |
| 28:00 | Build | Farm |
| 28:01 | Build | Farm |
| 28:01 | Build | Farm |
| 28:02 | Build | Farm |
| 28:04 | Build | Farm |
| 28:05 | Build | Farm |
| 28:27 | Research | Chain Barding Armor |
| 28:42 | Create | Shrivamsha Rider |
| 28:48 | Build | House |
| 28:49 | Build | House |
| 29:04 | Create | Shrivamsha Rider ×2 |
| 29:04 | Create | Shrivamsha Rider ×2 |
| 29:11 | Create | Villager (Male) ×5 |
| 29:11 | Create | Villager (Male) ×5 |
| 29:34 | Build | Farm |
| 29:36 | Build | Farm |
| 29:37 | Build | Farm |
| 29:55 | Create | Camel Scout ×5 |
| 29:58 | Create | Villager (Male) ×2 |
| 30:38 | Create | Villager (Male) ×5 |
| 30:38 | Create | Villager (Male) ×5 |
| 30:39 | Build | House |
| 30:41 | Build | House |
| 30:41 | Build | House |
| 30:41 | Build | House |
| 30:42 | Build | House |
Build order — Cono | AdriJ
First 150 of 267 actions detected
| 0:04 | Build | House |
| 1:26 | Build | Town Center |
| 3:22 | Create | Villager (Male) |
| 3:22 | Create | Villager (Male) |
| 3:23 | Create | Villager (Male) |
| 3:23 | Create | Villager (Male) |
| 3:23 | Create | Villager (Male) |
| 3:23 | Create | Villager (Male) |
| 4:59 | Create | Villager (Male) |
| 5:05 | Build | House |
| 5:20 | Create | Villager (Male) |
| 5:20 | Create | Villager (Male) |
| 5:21 | Create | Villager (Male) |
| 5:48 | Build | House |
| 5:52 | Build | Lumber Camp |
| 5:56 | Create | Villager (Male) |
| 5:56 | Create | Villager (Male) |
| 5:56 | Create | Villager (Male) |
| 6:35 | Create | Villager (Male) |
| 7:18 | Build | House |
| 7:25 | Build | House |
| 7:34 | Research | Loom |
| 7:36 | Create | Villager (Male) |
| 8:00 | Create | Villager (Male) |
| 8:49 | Create | Villager (Male) |
| 9:14 | Create | Villager (Male) |
| 9:24 | Build | Mill |
| 9:35 | Create | Villager (Male) |
| 10:02 | Build | House |
| 10:24 | Create | Villager (Male) |
| 10:35 | Build | Farm |
| 10:40 | Build | Palisade Wall |
| 10:47 | Build | House |
| 10:49 | Create | Villager (Male) |
| 11:03 | Build | Mill |
| 11:11 | Build | Palisade Wall |
| 11:17 | Create | Villager (Male) |
| 11:45 | Build | House |
| 11:48 | Build | Palisade Wall |
| 11:51 | Create | Villager (Male) |
| 12:00 | Build | Farm |
| 12:28 | Build | House |
| 12:32 | Build | Palisade Wall |
| 12:37 | Build | Palisade Gate |
| 12:41 | Create | Villager (Male) |
| 12:44 | Research | Feudal Age |
| 12:53 | Build | Palisade Wall |
| 13:05 | Build | Palisade Wall |
| 13:08 | Create | Villager (Male) |
| 13:24 | Build | Palisade Wall |
| 13:28 | Build | Palisade Wall |
| 13:28 | Build | Palisade Wall |
| 13:31 | Build | Palisade Wall |
| 13:45 | Build | Mining Camp |
| 13:54 | Build | House |
| 13:57 | Build | Palisade Wall |
| 14:54 | Age | Feudal Age |
| 14:59 | Create | Villager (Male) |
| 15:17 | Build | House |
| 15:21 | Build | Palisade Wall |
| 15:22 | Create | Villager (Male) |
| 15:24 | Build | Blacksmith |
| 15:50 | Build | Farm |
| 16:00 | Build | Palisade Wall |
| 16:04 | Create | Villager (Male) |
| 16:23 | Build | Market |
| 16:34 | Create | Villager (Male) |
| 16:54 | Build | House |
| 17:00 | Create | Villager (Male) |
| 17:11 | Build | House |
| 17:16 | Build | Palisade Wall |
| 17:18 | Build | Palisade Wall |
| 17:25 | Create | Villager (Male) |
| 17:27 | Build | Farm |
| 17:31 | Build | Farm |
| 18:28 | Research | Castle Age |
| 18:44 | Build | Farm |
| 18:51 | Build | Barracks |
| 19:08 | Research | Double-Bit Axe |
| 19:32 | Research | Horse Collar |
| 19:33 | Research | Horse Collar |
| 19:54 | Build | Farm |
| 19:56 | Build | Farm |
| 20:02 | Build | Farm |
| 20:05 | Build | Farm |
| 20:10 | Build | Farm |
| 20:14 | Create | Villager (Male) |
| 20:26 | Build | Farm |
| 20:54 | Build | Stable |
| 21:08 | Age | Castle Age |
| 21:13 | Research | Scale Barding Armor |
| 21:33 | Create | Villager (Male) |
| 21:40 | Build | Farm |
| 21:46 | Create | Villager (Male) |
| 21:54 | Build | Farm |
| 21:55 | Create | Knight |
| 21:56 | Create | Knight |
| 22:08 | Build | Farm |
| 22:14 | Create | Villager (Male) |
| 22:44 | Create | Knight |
| 22:49 | Create | Villager (Male) |
| 23:12 | Build | Town Center |
| 23:15 | Create | Villager (Male) |
| 23:16 | Create | Knight |
| 23:19 | Research | Bloodlines |
| 23:31 | Create | Knight |
| 23:35 | Build | Stable |
| 23:42 | Create | Villager (Male) |
| 23:48 | Build | Farm |
| 24:00 | Build | House |
| 24:03 | Build | House |
| 24:06 | Create | Villager (Male) |
| 24:24 | Create | Villager (Male) |
| 24:34 | Create | Knight |
| 25:10 | Research | Chain Barding Armor |
| 25:19 | Create | Villager (Male) |
| 25:37 | Build | Siege Workshop |
| 25:39 | Create | Villager (Male) |
| 26:27 | Build | Mining Camp |
| 27:04 | Build | Mining Camp |
| 27:20 | Build | Mining Camp |
| 27:28 | Create | Villager (Male) |
| 27:33 | Build | House |
| 27:45 | Build | Farm |
| 27:45 | Build | Farm |
| 27:46 | Build | Farm |
| 27:46 | Build | Farm |
| 27:48 | Build | Farm |
| 27:51 | Create | Villager (Male) |
| 28:08 | Create | Mangonel |
| 28:08 | Create | Mangonel |
| 28:14 | Create | Villager (Male) |
| 28:14 | Create | Villager (Male) |
| 28:26 | Build | Farm |
| 28:26 | Build | Farm |
| 28:26 | Build | Farm |
| 28:26 | Build | Farm |
| 28:27 | Build | Farm |
| 28:27 | Build | Farm |
| 28:30 | Build | Outpost |
| 28:33 | Build | Outpost |
| 28:44 | Build | Farm |
| 28:47 | Build | Farm |
| 28:47 | Build | Farm |
| 28:49 | Build | Farm |
| 28:53 | Build | Farm |
| 28:54 | Create | Villager (Male) |
| 28:54 | Create | Villager (Male) |
| 28:54 | Create | Villager (Male) |
| 29:15 | Create | Knight |
Build order — Tifur
First 150 of 365 actions detected
| 0:41 | Build | Town Center |
| 0:56 | Build | House |
| 1:27 | Build | House |
| 2:41 | Create | Villager (Male) |
| 2:41 | Create | Villager (Male) |
| 3:40 | Create | Villager (Male) |
| 3:40 | Create | Villager (Male) |
| 3:40 | Create | Villager (Male) |
| 3:41 | Create | Villager (Male) |
| 4:13 | Create | Villager (Male) |
| 4:13 | Create | Villager (Male) |
| 5:21 | Create | Villager (Male) |
| 5:22 | Create | Villager (Male) |
| 5:22 | Create | Villager (Male) |
| 5:22 | Create | Villager (Male) |
| 5:59 | Create | Villager (Male) |
| 5:59 | Create | Villager (Male) |
| 7:05 | Create | Villager (Male) |
| 7:05 | Create | Villager (Male) |
| 7:21 | Build | Mill |
| 7:54 | Create | Villager (Male) |
| 8:03 | Research | Loom |
| 8:05 | Build | House |
| 8:28 | Create | Villager (Male) |
| 8:29 | Create | Villager (Male) |
| 8:54 | Create | Villager (Male) |
| 9:33 | Build | House |
| 9:37 | Create | Villager (Male) |
| 9:37 | Create | Villager (Male) |
| 10:20 | Create | Villager (Male) |
| 10:21 | Create | Villager (Male) |
| 10:43 | Create | Villager (Male) |
| 10:43 | Create | Villager (Male) |
| 11:32 | Build | Mule Cart |
| 12:06 | Build | Mule Cart |
| 12:08 | Research | Feudal Age |
| 12:08 | Research | Feudal Age |
| 12:49 | Build | Barracks |
| 12:58 | Create | Villager (Male) |
| 12:58 | Create | Villager (Male) |
| 13:12 | Build | Palisade Wall |
| 13:25 | Build | Palisade Wall |
| 13:31 | Build | Palisade Gate |
| 13:51 | Build | House |
| 14:18 | Age | Feudal Age |
| 14:25 | Build | Archery Range |
| 14:31 | Build | Blacksmith |
| 14:57 | Research | Double-Bit Axe |
| 15:24 | Research | Castle Age |
| 15:36 | Build | Archery Range |
| 15:46 | Research | Fletching |
| 15:46 | Research | Fletching |
| 16:15 | Build | Mill |
| 16:18 | Create | Archer |
| 16:18 | Create | Archer |
| 16:44 | Create | Villager (Male) |
| 16:44 | Create | Villager (Male) |
| 16:48 | Create | Archer |
| 16:48 | Create | Archer |
| 17:02 | Create | Archer |
| 17:02 | Create | Archer |
| 17:11 | Research | Gold Mining |
| 17:11 | Research | Gold Mining |
| 17:14 | Create | Archer |
| 17:14 | Create | Archer |
| 17:21 | Build | House |
| 17:28 | Build | Palisade Wall |
| 17:37 | Create | Archer |
| 17:37 | Create | Archer |
| 17:39 | Create | Villager (Male) |
| 17:41 | Create | Villager (Male) |
| 17:57 | Create | Spearman |
| 18:04 | Age | Castle Age |
| 18:31 | Research | Bodkin Arrow |
| 18:31 | Research | Bodkin Arrow |
| 18:49 | Create | Archer ×2 |
| 18:56 | Build | House |
| 18:59 | Create | Spearman |
| 19:00 | Create | Villager (Male) |
| 19:08 | Create | Archer |
| 19:08 | Create | Archer |
| 19:20 | Build | Town Center |
| 19:38 | Create | Archer |
| 19:38 | Create | Archer |
| 20:18 | Create | Skirmisher |
| 20:22 | Research | Crossbowman (upgrade) |
| 20:22 | Research | Crossbowman (upgrade) |
| 20:23 | Create | Archer |
| 20:24 | Create | Archer |
| 20:24 | Create | Archer |
| 20:24 | Create | Villager (Male) |
| 20:25 | Create | Villager (Male) |
| 20:53 | Create | Archer |
| 20:53 | Create | Archer |
| 20:54 | Create | Villager (Male) |
| 20:54 | Create | Villager (Male) |
| 21:14 | Create | Archer |
| 21:45 | Create | Archer |
| 21:45 | Create | Archer |
| 21:46 | Create | Villager (Male) |
| 21:47 | Create | Villager (Male) |
| 21:51 | Build | House |
| 22:09 | Create | Archer |
| 22:09 | Create | Archer |
| 22:53 | Create | Archer |
| 22:53 | Create | Archer |
| 22:53 | Create | Archer |
| 23:07 | Create | Villager (Male) |
| 23:07 | Create | Villager (Male) |
| 23:08 | Create | Villager (Male) |
| 23:08 | Create | Villager (Male) |
| 23:12 | Build | House |
| 23:13 | Build | House |
| 23:38 | Create | Archer |
| 23:39 | Create | Archer |
| 24:06 | Create | Archer |
| 24:06 | Create | Archer |
| 24:07 | Create | Villager (Male) |
| 24:09 | Create | Villager (Male) |
| 24:32 | Create | Archer |
| 24:32 | Create | Archer |
| 24:33 | Create | Villager (Male) |
| 24:34 | Create | Villager (Male) |
| 24:37 | Build | House |
| 24:38 | Build | House |
| 25:32 | Create | Archer |
| 25:32 | Create | Archer |
| 25:32 | Create | Archer |
| 25:33 | Create | Villager (Male) |
| 25:33 | Create | Villager (Male) |
| 25:34 | Create | Villager (Male) |
| 25:34 | Create | Villager (Male) |
| 25:40 | Research | Bow Saw |
| 25:40 | Research | Bow Saw |
| 26:16 | Create | Archer |
| 26:16 | Create | Archer |
| 26:48 | Research | Town Watch |
| 26:49 | Research | Town Watch |
| 26:52 | Create | Archer |
| 26:53 | Create | Archer |
| 26:53 | Create | Archer |
| 27:14 | Build | House |
| 27:15 | Build | House |
| 27:27 | Research | Wheelbarrow |
| 27:27 | Research | Wheelbarrow |
| 27:30 | Build | Town Center |
| 27:40 | Create | Archer |
| 27:40 | Create | Archer |
| 27:40 | Create | Archer |
| 28:09 | Build | Mule Cart |
Build order — Cono | Watters
First 150 of 368 actions detected
| 0:26 | Build | Town Center |
| 1:43 | Build | House |
| 2:46 | Create | Villager (Male) ×4 |
| 2:47 | Create | Villager (Male) ×4 |
| 3:45 | Create | Villager (Male) |
| 4:23 | Create | Villager (Male) |
| 4:32 | Build | House |
| 5:01 | Create | Villager (Male) |
| 5:30 | Create | Villager (Male) |
| 5:59 | Build | Lumber Camp |
| 6:07 | Create | Villager (Male) |
| 6:11 | Create | Villager (Male) |
| 6:24 | Build | House |
| 6:28 | Build | House |
| 6:35 | Create | Villager (Male) |
| 6:59 | Create | Villager (Male) |
| 7:26 | Create | Villager (Male) |
| 7:49 | Research | Loom |
| 7:50 | Create | Villager (Male) |
| 8:26 | Create | Villager (Male) |
| 8:55 | Create | Villager (Male) |
| 9:23 | Create | Villager (Male) |
| 9:50 | Build | Mill |
| 9:53 | Create | Villager (Male) |
| 10:24 | Create | Villager (Male) |
| 10:36 | Research | Feudal Age |
| 10:43 | Research | Feudal Age |
| 10:48 | Create | Villager (Male) |
| 11:04 | Build | Mining Camp |
| 11:26 | Create | Villager (Male) |
| 11:26 | Create | Villager (Male) |
| 12:59 | Age | Feudal Age |
| 13:04 | Build | Blacksmith |
| 13:24 | Build | Market |
| 13:47 | Create | Villager (Male) |
| 14:06 | Research | Double-Bit Axe |
| 14:26 | Create | Villager (Male) |
| 14:43 | Build | House |
| 14:59 | Research | Castle Age |
| 15:26 | Research | Double-Bit Axe |
| 15:58 | Build | Barracks |
| 16:39 | Build | Archery Range |
| 17:36 | Build | Mill |
| 17:39 | Age | Castle Age |
| 17:42 | Create | Cavalry Archer |
| 17:42 | Create | Cavalry Archer |
| 17:47 | Research | Fletching |
| 18:02 | Build | Town Center |
| 18:10 | Create | Villager (Male) |
| 18:30 | Create | Villager (Male) |
| 18:34 | Create | Cavalry Archer |
| 18:45 | Research | Bodkin Arrow |
| 19:07 | Create | Villager (Male) |
| 19:15 | Create | Cavalry Archer |
| 19:33 | Create | Villager (Male) |
| 19:39 | Create | Cavalry Archer |
| 19:42 | Build | House |
| 19:43 | Build | House |
| 20:17 | Build | Archery Range |
| 20:21 | Build | Farm |
| 20:33 | Create | Cavalry Archer |
| 20:34 | Create | Villager (Male) |
| 20:44 | Create | Spearman |
| 20:48 | Build | Farm |
| 21:11 | Create | Villager (Male) |
| 21:24 | Create | Villager (Male) |
| 21:33 | Create | Villager (Male) |
| 21:33 | Create | Villager (Male) |
| 21:35 | Create | Cavalry Archer |
| 21:35 | Create | Cavalry Archer |
| 21:49 | Build | Farm |
| 22:07 | Create | Villager (Male) |
| 22:08 | Create | Cavalry Archer |
| 22:09 | Create | Cavalry Archer |
| 22:14 | Create | Villager (Male) |
| 22:26 | Create | Villager (Male) |
| 22:26 | Create | Villager (Male) |
| 22:41 | Build | House |
| 23:00 | Create | Villager (Male) |
| 23:03 | Create | Cavalry Archer |
| 23:03 | Create | Cavalry Archer |
| 23:24 | Create | Villager (Male) |
| 23:25 | Create | Cavalry Archer |
| 23:25 | Create | Cavalry Archer |
| 23:29 | Build | House |
| 23:31 | Build | House |
| 23:57 | Research | Padded Archer Armor |
| 23:58 | Create | Villager (Male) |
| 23:58 | Create | Villager (Male) |
| 24:01 | Create | Cavalry Archer |
| 24:01 | Create | Cavalry Archer |
| 24:01 | Create | Cavalry Archer |
| 24:10 | Build | Outpost |
| 24:22 | Create | Villager (Male) |
| 24:22 | Create | Villager (Male) |
| 24:30 | Create | Cavalry Archer |
| 24:31 | Create | Cavalry Archer |
| 24:35 | Build | Farm |
| 24:36 | Build | Farm |
| 24:36 | Build | Farm |
| 24:56 | Create | Villager (Male) |
| 24:57 | Create | Villager (Male) |
| 24:58 | Create | Cavalry Archer |
| 24:58 | Create | Cavalry Archer |
| 25:02 | Build | Farm |
| 25:37 | Build | Town Center |
| 25:50 | Build | Mining Camp |
| 26:02 | Create | Villager (Male) |
| 26:02 | Create | Villager (Male) |
| 26:03 | Create | Villager (Male) |
| 26:19 | Create | Villager (Male) |
| 26:22 | Build | House |
| 26:24 | Build | House |
| 26:25 | Build | House |
| 26:53 | Create | Villager (Male) |
| 26:53 | Create | Villager (Male) |
| 26:54 | Create | Cavalry Archer |
| 26:54 | Create | Cavalry Archer |
| 26:55 | Create | Cavalry Archer |
| 27:13 | Create | Cavalry Archer |
| 27:13 | Create | Cavalry Archer |
| 27:14 | Create | Cavalry Archer |
| 27:15 | Create | Villager (Male) |
| 27:15 | Create | Villager (Male) |
| 27:16 | Create | Villager (Male) |
| 28:09 | Build | Stable |
| 28:25 | Research | Wheelbarrow |
| 28:43 | Build | Mining Camp |
| 28:45 | Build | Palisade Wall |
| 28:53 | Create | Cavalry Archer |
| 28:54 | Create | Cavalry Archer |
| 29:00 | Build | Farm |
| 29:00 | Build | Farm |
| 29:01 | Build | Farm |
| 29:01 | Build | Farm |
| 29:01 | Build | Farm |
| 29:01 | Build | Farm |
| 29:04 | Create | Villager (Male) |
| 29:14 | Research | Husbandry |
| 29:25 | Create | Villager (Male) |
| 29:26 | Create | Villager (Male) |
| 29:43 | Build | Farm |
| 29:43 | Build | Farm |
| 29:44 | Build | Farm |
| 29:48 | Create | Villager (Male) |
| 29:50 | Create | Cavalry Archer |
| 29:50 | Create | Cavalry Archer |
| 30:01 | Create | Villager (Male) |
| 30:05 | Create | Cavalry Archer |
| 30:05 | Create | Cavalry Archer |
Build order — AML4554
First 150 of 348 actions detected
| 0:13 | Build | Town Center |
| 2:44 | Create | Villager (Male) |
| 2:44 | Create | Villager (Male) |
| 2:45 | Create | Villager (Male) |
| 2:45 | Create | Villager (Male) |
| 2:45 | Create | Villager (Male) |
| 3:02 | Build | House |
| 3:25 | Build | House |
| 3:35 | Build | House |
| 3:44 | Create | Villager (Male) |
| 3:44 | Create | Villager (Male) |
| 4:33 | Create | Villager (Male) |
| 4:33 | Create | Villager (Male) |
| 5:09 | Build | House |
| 5:33 | Build | Lumber Camp |
| 5:58 | Create | Villager (Male) |
| 5:58 | Create | Villager (Male) |
| 6:25 | Create | Villager (Male) |
| 6:25 | Create | Villager (Male) |
| 7:07 | Build | House |
| 7:17 | Create | Villager (Male) |
| 7:49 | Create | Villager (Male) |
| 8:09 | Build | Mill |
| 8:20 | Create | Villager (Male) |
| 8:21 | Create | Villager (Male) |
| 8:52 | Create | Villager (Male) |
| 8:52 | Create | Villager (Male) |
| 9:20 | Research | Loom |
| 9:59 | Research | Feudal Age |
| 10:47 | Build | Barracks |
| 11:02 | Build | House |
| 11:11 | Research | Loom |
| 11:43 | Build | House |
| 11:52 | Create | Villager (Male) |
| 11:52 | Create | Villager (Male) |
| 12:02 | Build | Palisade Wall |
| 12:21 | Build | Stable |
| 12:28 | Research | Double-Bit Axe |
| 12:43 | Create | Villager (Male) |
| 12:56 | Create | Scout Cavalry |
| 12:57 | Create | Scout Cavalry |
| 12:57 | Create | Scout Cavalry |
| 13:09 | Create | Villager (Male) |
| 13:22 | Build | Palisade Wall |
| 13:23 | Build | Palisade Wall |
| 13:36 | Create | Villager (Male) |
| 13:49 | Create | Scout Cavalry |
| 13:53 | Build | Blacksmith |
| 14:09 | Create | Villager (Male) |
| 14:14 | Create | Villager (Male) |
| 14:41 | Research | Forging |
| 14:42 | Create | Villager (Male) |
| 14:43 | Create | Villager (Male) |
| 14:48 | Build | House |
| 14:49 | Build | House |
| 15:31 | Create | Scout Cavalry |
| 15:51 | Create | Villager (Male) |
| 16:04 | Create | Scout Cavalry |
| 16:05 | Create | Scout Cavalry |
| 16:12 | Build | Mill |
| 16:51 | Build | Mill |
| 16:58 | Create | Villager (Male) |
| 16:58 | Create | Villager (Male) |
| 17:04 | Build | House |
| 17:05 | Build | House |
| 17:33 | Research | Horse Collar |
| 17:38 | Build | Farm |
| 17:39 | Build | Farm |
| 17:40 | Build | Farm |
| 17:41 | Build | Farm |
| 17:49 | Create | Villager (Male) |
| 17:50 | Create | Villager (Male) |
| 18:22 | Build | Farm |
| 18:25 | Build | Farm |
| 18:27 | Build | Farm |
| 18:36 | Build | Mining Camp |
| 18:47 | Create | Villager (Male) |
| 18:47 | Create | Villager (Male) |
| 18:47 | Create | Villager (Male) |
| 19:15 | Create | Villager (Male) |
| 19:15 | Create | Villager (Male) |
| 19:41 | Build | Farm |
| 19:44 | Build | Farm |
| 19:46 | Build | House |
| 19:47 | Build | House |
| 19:48 | Build | House |
| 20:18 | Build | Market |
| 21:23 | Build | Palisade Wall |
| 21:25 | Research | Castle Age |
| 21:28 | Build | House |
| 22:47 | Build | Farm |
| 22:48 | Build | Farm |
| 23:13 | Build | Watch Tower |
| 23:32 | Build | Farm |
| 23:35 | Build | Stable |
| 24:13 | Build | Watch Tower |
| 24:25 | Create | Knight |
| 24:25 | Create | Knight |
| 24:33 | Create | Villager (Male) |
| 24:33 | Create | Villager (Male) |
| 24:34 | Create | Villager (Male) |
| 24:34 | Create | Villager (Male) |
| 24:54 | Create | Villager (Male) |
| 24:54 | Create | Villager (Male) |
| 25:02 | Create | Villager (Male) |
| 25:14 | Build | Town Center |
| 25:50 | Create | Villager (Male) |
| 25:50 | Create | Villager (Male) |
| 25:54 | Build | Monastery |
| 25:56 | Create | Villager (Male) |
| 26:12 | Build | House |
| 27:00 | Create | Villager (Male) |
| 27:00 | Create | Villager (Male) |
| 27:02 | Research | Bow Saw |
| 27:10 | Create | Monk |
| 27:49 | Research | Bloodlines |
| 27:51 | Create | Villager (Male) |
| 27:51 | Create | Villager (Male) |
| 28:00 | Research | Husbandry |
| 28:22 | Create | Knight |
| 28:22 | Create | Knight |
| 28:24 | Create | Villager (Male) |
| 28:24 | Create | Villager (Male) |
| 28:30 | Build | Mining Camp |
| 28:33 | Build | House |
| 28:34 | Build | House |
| 28:35 | Build | House |
| 28:37 | Create | Villager (Male) |
| 28:37 | Create | Villager (Male) |
| 28:42 | Create | Knight |
| 28:42 | Create | Knight |
| 28:49 | Build | Farm |
| 28:52 | Build | Farm |
| 28:55 | Build | Farm |
| 28:56 | Build | Farm |
| 28:57 | Build | Farm |
| 29:03 | Create | Villager (Male) |
| 29:03 | Create | Villager (Male) |
| 29:20 | Create | Villager (Male) |
| 29:20 | Create | Villager (Male) |
| 29:53 | Build | Farm |
| 29:56 | Build | Farm |
| 29:57 | Build | Farm |
| 30:09 | Research | Scale Barding Armor |
| 30:11 | Create | Villager (Male) |
| 30:11 | Create | Villager (Male) |
| 30:12 | Create | Villager (Male) |
| 30:12 | Create | Villager (Male) |
| 30:32 | Create | Villager (Male) |
| 30:32 | Create | Villager (Male) |
Build order — Cono | Joe Strummer
First 150 of 319 actions detected
| 0:05 | Build | Town Center |
| 0:38 | Build | House |
| 2:25 | Create | Villager (Male) ×4 |
| 3:23 | Create | Villager (Male) |
| 4:21 | Create | Villager (Male) |
| 4:22 | Create | Villager (Male) |
| 4:22 | Create | Villager (Male) |
| 4:56 | Build | House |
| 5:02 | Research | Loom |
| 5:07 | Build | House |
| 5:23 | Create | Villager (Male) |
| 5:42 | Create | Villager (Male) |
| 5:53 | Create | Villager (Male) |
| 6:15 | Create | Villager (Male) |
| 6:19 | Build | Lumber Camp |
| 6:27 | Build | House |
| 7:21 | Create | Villager (Male) |
| 7:36 | Build | House |
| 7:44 | Create | Villager (Male) |
| 7:49 | Build | House |
| 8:04 | Create | Villager (Male) |
| 8:32 | Create | Villager (Male) |
| 8:38 | Build | House |
| 8:44 | Build | Mining Camp |
| 9:00 | Create | Villager (Male) |
| 9:33 | Create | Villager (Male) |
| 10:04 | Create | Villager (Male) |
| 10:39 | Research | Feudal Age |
| 10:39 | Research | Feudal Age |
| 10:53 | Build | Barracks |
| 11:46 | Create | Villager (Male) |
| 11:51 | Build | House |
| 11:57 | Build | Palisade Wall |
| 12:49 | Age | Feudal Age |
| 12:58 | Build | Archery Range |
| 13:04 | Create | Villager (Male) |
| 13:30 | Research | Double-Bit Axe |
| 13:39 | Create | Villager (Male) |
| 13:50 | Create | Archer |
| 14:01 | Create | Villager (Male) |
| 14:02 | Create | Archer |
| 14:19 | Create | Villager (Male) |
| 14:20 | Create | Archer |
| 14:24 | Create | Spearman |
| 14:34 | Build | House |
| 14:44 | Create | Spearman |
| 14:53 | Create | Villager (Male) |
| 15:04 | Build | Palisade Wall |
| 15:06 | Build | Palisade Wall |
| 15:07 | Build | Palisade Wall |
| 15:11 | Build | Palisade Wall |
| 15:27 | Create | Archer |
| 15:32 | Create | Villager (Male) |
| 15:33 | Create | Villager (Male) |
| 15:41 | Create | Spearman |
| 15:52 | Create | Villager (Male) |
| 15:53 | Create | Villager (Male) |
| 16:10 | Build | Mill |
| 16:14 | Create | Villager (Male) |
| 16:22 | Build | Blacksmith |
| 16:35 | Create | Spearman |
| 16:57 | Build | Farm |
| 16:57 | Build | Farm |
| 17:00 | Build | Farm |
| 17:02 | Build | House |
| 17:06 | Build | House |
| 17:17 | Build | House |
| 17:20 | Build | House |
| 17:30 | Build | Farm |
| 17:32 | Build | Farm |
| 17:34 | Build | Farm |
| 17:39 | Create | Archer |
| 17:39 | Create | Archer |
| 17:40 | Create | Archer |
| 17:47 | Build | Palisade Wall |
| 17:52 | Build | Farm |
| 17:55 | Build | Farm |
| 17:58 | Build | Farm |
| 18:01 | Build | Farm |
| 18:02 | Create | Villager (Male) |
| 18:03 | Create | Archer |
| 18:20 | Create | Villager (Male) |
| 18:22 | Build | Farm |
| 18:26 | Create | Archer |
| 18:35 | Create | Spearman |
| 18:45 | Build | Farm |
| 18:48 | Build | Farm |
| 18:53 | Research | Fletching |
| 18:56 | Create | Archer |
| 19:02 | Build | Palisade Wall |
| 19:09 | Create | Villager (Male) |
| 19:10 | Create | Archer |
| 19:17 | Build | Farm |
| 19:18 | Build | Farm |
| 19:22 | Build | Farm |
| 19:24 | Create | Villager (Male) |
| 19:37 | Create | Archer |
| 19:52 | Create | Villager (Male) |
| 20:01 | Build | Palisade Wall |
| 20:04 | Build | Palisade Wall |
| 20:09 | Build | Palisade Wall |
| 20:10 | Build | Palisade Wall |
| 20:27 | Build | Market |
| 20:33 | Create | Villager (Male) |
| 20:34 | Create | Villager (Male) |
| 20:58 | Build | Palisade Wall |
| 21:02 | Build | Palisade Wall |
| 21:07 | Create | Archer |
| 21:21 | Build | Palisade Wall |
| 21:31 | Build | Palisade Wall |
| 21:35 | Create | Villager (Male) |
| 21:57 | Research | Castle Age |
| 22:15 | Create | Spearman |
| 22:19 | Build | House |
| 22:42 | Create | Archer |
| 22:42 | Create | Archer |
| 22:44 | Build | Archery Range |
| 23:07 | Build | Watch Tower |
| 23:27 | Build | Palisade Gate |
| 23:55 | Build | Palisade Wall |
| 24:28 | Create | Archer |
| 24:28 | Create | Archer |
| 24:28 | Create | Archer |
| 24:29 | Create | Archer |
| 24:39 | Research | Gold Mining |
| 24:40 | Age | Castle Age |
| 24:50 | Research | Bodkin Arrow |
| 24:57 | Research | Crossbowman (upgrade) |
| 25:00 | Build | Archery Range |
| 25:01 | Create | Villager (Male) |
| 25:01 | Create | Villager (Male) |
| 25:31 | Create | Archer |
| 25:31 | Create | Archer |
| 25:36 | Create | Villager (Male) |
| 25:47 | Build | Mining Camp |
| 25:57 | Create | Villager (Male) |
| 26:02 | Create | Archer |
| 26:02 | Create | Archer |
| 26:02 | Create | Archer |
| 26:15 | Build | House |
| 26:22 | Research | Padded Archer Armor |
| 26:25 | Research | Bow Saw |
| 26:29 | Build | House |
| 26:46 | Research | Town Watch |
| 26:46 | Create | Villager (Male) |
| 26:55 | Build | Palisade Gate |
| 27:04 | Create | Archer |
| 27:05 | Create | Archer |
| 27:29 | Create | Villager (Male) |
| 27:34 | Build | Farm |
Match timeline
| 3:05 | OS | _MidGard_ · wall_segment Palisade Wall x1 |
| 10:02 | Nili Tapia · first_building Barracks |
| 10:25 | XbugX · first_building Barracks |
| 10:40 | Cono | AdriJ · wall_segment Palisade Wall x1 |
| 10:47 | AML4554 · first_building Barracks |
| 10:53 | Cono | Joe Strummer · first_building Barracks |
| 11:04 | XbugX · wall_segment Palisade Wall x3 |
| 11:08 | XbugX · wall_segment Palisade Wall x1 |
| 11:11 | Cono | AdriJ · wall_segment Palisade Wall x6 |
| 11:27 | Nili Tapia · age_up feudal |
| 11:31 | Nili Tapia · first_building Stable |
| 11:37 | XbugX · age_up feudal |
| 11:48 | Cono | AdriJ · wall_segment Palisade Wall x6 |
| 11:57 | Cono | Joe Strummer · wall_segment Palisade Wall x1 |
| 12:02 | AML4554 · wall_segment Palisade Wall x4 |
| 12:21 | AML4554 · first_building Stable |
| 12:32 | Cono | AdriJ · wall_segment Palisade Wall x4 |
| 12:45 | XbugX · first_building Stable |
| 12:49 | Tifur · first_building Barracks |
| 12:49 | Cono | Joe Strummer · age_up feudal |
| 12:53 | Cono | AdriJ · wall_segment Palisade Wall x3 |
| 12:58 | Cono | Joe Strummer · first_building Archery Range |
| 12:59 | Cono | Watters · age_up feudal |
| 13:05 | Cono | AdriJ · wall_segment Palisade Wall x5 |
| 13:12 | Tifur · wall_segment Palisade Wall x5 |
| 13:19 | OS | _MidGard_ · age_up feudal |
| 13:22 | AML4554 · wall_segment Palisade Wall x2 |
| 13:23 | AML4554 · wall_segment Palisade Wall x2 |
| 13:24 | Cono | AdriJ · wall_segment Palisade Wall x2 |
| 13:25 | Tifur · wall_segment Palisade Wall x7 |
| 13:28 | Cono | AdriJ · wall_segment Palisade Wall x1 |
| 13:28 | Cono | AdriJ · wall_segment Palisade Wall x1 |
| 13:31 | Cono | AdriJ · wall_segment Palisade Wall x4 |
| 13:57 | Cono | AdriJ · wall_segment Palisade Wall x10 |
| 14:18 | Tifur · age_up feudal |
| 14:25 | Tifur · first_building Archery Range |
| 14:43 | Nili Tapia · wall_segment Palisade Wall x8 |
| 14:54 | Cono | AdriJ · age_up feudal |
| 15:04 | Cono | Joe Strummer · wall_segment Palisade Wall x1 |
| 15:06 | Cono | Joe Strummer · wall_segment Palisade Wall x1 |
| 15:07 | Cono | Joe Strummer · wall_segment Palisade Wall x1 |
| 15:11 | Cono | Joe Strummer · wall_segment Palisade Wall x5 |
| 15:21 | Cono | AdriJ · wall_segment Palisade Wall x7 |
| 15:21 | Nili Tapia · wall_segment Palisade Wall x1 |
| 15:24 | Nili Tapia · wall_segment Palisade Wall x3 |
| 15:35 | Nili Tapia · wall_segment Palisade Wall x1 |
| 15:40 | Nili Tapia · wall_segment Palisade Wall x5 |
| 15:50 | OS | _MidGard_ · first_building Barracks |
| 15:58 | Cono | Watters · first_building Barracks |
| 16:00 | Cono | AdriJ · wall_segment Palisade Wall x1 |
| 16:39 | Cono | Watters · first_building Archery Range |
| 17:16 | Cono | AdriJ · wall_segment Palisade Wall x1 |
| 17:18 | Cono | AdriJ · wall_segment Palisade Wall x1 |
| 17:28 | Tifur · wall_segment Palisade Wall x1 |
| 17:34 | OS | _MidGard_ · first_building Archery Range |
| 17:39 | Cono | Watters · age_up castle |
| 17:47 | Cono | Joe Strummer · wall_segment Palisade Wall x15 |
| 17:52 | Cono | Watters · first_market_sell 100 food |
| 17:57 | Cono | Watters · first_market_buy 100 wood |
| 18:03 | OS | _MidGard_ · wall_segment Palisade Wall x1 |
| 18:04 | Tifur · age_up castle |
| 18:05 | OS | _MidGard_ · wall_segment Palisade Wall x1 |
| 18:09 | OS | _MidGard_ · wall_segment Palisade Wall x1 |
| 18:17 | OS | _MidGard_ · wall_segment Palisade Wall x3 |
| 18:22 | OS | _MidGard_ · wall_segment Palisade Wall x1 |
| 18:26 | OS | _MidGard_ · wall_segment Palisade Wall x7 |
| 18:31 | OS | _MidGard_ · wall_segment Palisade Wall x13 |
| 18:45 | OS | _MidGard_ · age_up castle |
| 18:51 | Cono | AdriJ · first_building Barracks |
| 19:02 | Cono | Joe Strummer · wall_segment Palisade Wall x2 |
| 19:30 | Nili Tapia · wall_segment Palisade Wall x2 |
| 19:30 | Nili Tapia · wall_segment Palisade Wall x1 |
| 19:32 | Nili Tapia · wall_segment Palisade Wall x1 |
| 19:33 | Nili Tapia · wall_segment Palisade Wall x1 |
| 19:34 | OS | _MidGard_ · wall_segment Palisade Wall x1 |
| 19:45 | Nili Tapia · first_market_sell 100 wood |
| 19:53 | XbugX · first_market_sell 100 wood |
| 19:55 | XbugX · first_market_buy 100 food |
| 20:01 | Cono | Joe Strummer · wall_segment Palisade Wall x1 |
| 20:04 | Cono | Joe Strummer · wall_segment Palisade Wall x1 |
| 20:09 | Cono | Joe Strummer · wall_segment Palisade Wall x6 |
| 20:10 | Cono | Joe Strummer · wall_segment Palisade Wall x7 |
| 20:24 | Nili Tapia · wall_segment Palisade Wall x1 |
| 20:54 | Cono | AdriJ · first_building Stable |
| 20:58 | Cono | Joe Strummer · wall_segment Palisade Wall x13 |
| 21:02 | Cono | Joe Strummer · wall_segment Palisade Wall x5 |
| 21:08 | Cono | AdriJ · age_up castle |
| 21:21 | Cono | Joe Strummer · wall_segment Palisade Wall x1 |
| 21:23 | AML4554 · wall_segment Palisade Wall x1 |
| 21:31 | Cono | Joe Strummer · wall_segment Palisade Wall x1 |
| 21:36 | OS | _MidGard_ · first_market_buy 100 food |
| 21:51 | Cono | Joe Strummer · first_market_buy 100 food |
| 21:55 | Cono | Joe Strummer · first_market_sell 100 wood |
| 22:50 | XbugX · age_up castle |
| 22:53 | Nili Tapia · age_up castle |
| 23:10 | Nili Tapia · wall_segment Palisade Wall x1 |
| 23:48 | Nili Tapia · first_market_buy 100 food |
| 23:55 | Cono | Joe Strummer · wall_segment Palisade Wall x1 |
| 24:03 | Nili Tapia · first_building Castle |
| 24:05 | AML4554 · first_market_buy 100 stone |
| 24:38 | Cono | AdriJ · first_market_sell 100 wood |
| 24:39 | Cono | AdriJ · first_market_buy 100 food |
| 24:40 | Cono | Joe Strummer · age_up castle |
| 24:45 | OS | _MidGard_ · first_building Siege Workshop |
| 25:06 | AML4554 · first_market_sell 100 wood |
| 25:37 | Cono | AdriJ · first_building Siege Workshop |
| 25:54 | AML4554 · first_building Monastery |
| 28:09 | Cono | Watters · first_building Stable |
| 28:36 | Cono | Joe Strummer · first_building Siege Workshop |
| 28:45 | Cono | Watters · wall_segment Palisade Wall x1 |
| 30:35 | Nili Tapia · wall_segment Palisade Wall x1 |
| 31:27 | Cono | Joe Strummer · wall_segment Palisade Wall x1 |
| 31:46 | OS | _MidGard_ · first_building Castle |
| 31:52 | XbugX · first_building Siege Workshop |
| 32:11 | Cono | Watters · first_building Castle |
| 32:57 | Cono | Joe Strummer · wall_segment Stone Wall x4 |
| 33:01 | Cono | Watters · wall_segment Palisade Wall x1 |
| 33:03 | Cono | Watters · wall_segment Palisade Wall x1 |
| 33:34 | Cono | Joe Strummer · wall_segment Stone Wall x1 |
| 33:36 | Cono | Joe Strummer · wall_segment Stone Wall x1 |
| 33:40 | Cono | Joe Strummer · wall_segment Stone Wall x1 |
| 35:01 | AML4554 · first_building Castle |
| 35:36 | Tifur · first_building Castle |
| 35:52 | Cono | Joe Strummer · wall_segment Palisade Wall x1 |
| 35:55 | Cono | Joe Strummer · wall_segment Palisade Wall x1 |
| 38:17 | Cono | AdriJ · first_building Castle |
| 38:36 | Nili Tapia · first_building Monastery |
| 38:41 | Cono | Watters · wall_segment Palisade Wall x1 |
| 39:51 | XbugX · first_building Castle |
| 40:05 | Cono | Joe Strummer · first_building Castle |
| 40:35 | Tifur · first_building Monastery |
| 40:40 | Tifur · first_market_sell 100 food |
| 40:59 | Cono | Watters · age_up imperial |
| 41:39 | OS | _MidGard_ · wall_segment Stone Wall x1 |
| 41:48 | OS | _MidGard_ · age_up imperial |
| 43:21 | Nili Tapia · age_up imperial |
| 43:53 | Tifur · age_up imperial |
| 44:06 | OS | _MidGard_ · first_building Stable |
| 44:06 | Nili Tapia · first_building Archery Range |
| 46:10 | XbugX · age_up imperial |
| 47:48 | Nili Tapia · resign |
[ AI ANALYSIS · 1 CREDIT ]
What really happened in this match?
Wolo.gg analyzes every decision: build order, eco, micro, common mistakes by bracket. Personalized analysis on WhatsApp or Discord in 30 seconds.
Civ guide
Burmese
Perfil
Jugador #251775